SA
IDAHO FALLS CHUKARS @ ALAMEDA AIRMEN
07/30/2023
 
TOP OF THE 1ST
Idaho Falls Chukars batting - Pitching for Alameda Airmen : LHP Jorge Cruz
Pitching: LHP Jorge Cruz
Batting: RHB Vicente Cruz 0-0: Bunted foul
0-1: Ball
1-1: Foul Ball, location: 2F
1-2: Foul Ball, location: 2F
1-2: Foul Ball, location: 2F
1-2: SINGLE (Groundball, 6MD) (infield hit)
Batting: RHB Fernando Granados 0-0: Called Strike
0-1: Ball
1-1: Fly out, F3 (Popup, 34S)
Batting: SHB Pablo Coloa 0-0: Called Strike
0-1: Foul Ball, location: 2F
0-2: Strikes out looking
Batting: LHB Magali Lenidas Pickoff Throw to First - Error! E1
Vicente Cruz to second
0-0: Ball
1-0: Ball
2-0: Ball
3-0: Base on Balls
Batting: RHB Adrian Rodgers 0-0: Ball
Wild Pitch!
Vicente Cruz to third
Magali Lenidas to second
1-0: SINGLE (Line Drive, 34D)
Vicente Cruz scores
Magali Lenidas to third
Runner from 3rd tries for Home, SAFE, no throw or cutoff
Batting: LHB Jorge Greenbaum 0-0: Ball
1-0: Ball
2-0: Fly out, F8 (Flyball, 8RXD)
Top of the 1st over - 2 run(s), 2 hit(s), 1 error(s), 1 left on base; Idaho Falls 2 - Alameda 0
BOTTOM OF THE 1ST
Alameda Airmen batting - Pitching for Idaho Falls Chukars : RHP Ben Hopley
Pitching: RHP Ben Hopley
Batting: RHB Mariano Sánchez 0-0: Ball
1-0: Ball
2-0: Ball
3-0: Base on Balls
Batting: SHB Orlando Villa 0-0: Ball
1-0: SINGLE (Groundball, 34D)
Mariano Sánchez to second
Runner from 2nd tries for 3rd, SAFE, throw made to third
Orlando Villa to second
Batting: RHB Ricardo Téllez 0-0: Ball
1-0: Ball
2-0: Foul Ball, location: 2F
2-1: Swinging Strike
2-2: Strikes out swinging
Batting: RHB José Vargas 0-0: Fly out, F8 (Flyball, 89S)
Runner from 3rd tags up, SCORES, throw made
Batting: RHB Francisco Mejía 0-0: Fly out, F3 (Line Drive, 3S)
Bottom of the 1st over - 1 run(s), 1 hit(s), 0 error(s), 1 left on base; Idaho Falls 2 - Alameda 1
TOP OF THE 2ND
Idaho Falls Chukars batting - Pitching for Alameda Airmen : LHP Jorge Cruz
Batting: LHB Dave Smerdon 0-0: Foul Ball, location: 2F
0-1: Foul Ball, location: 2F
0-2: SINGLE (Groundball, 4)
Batting: LHB Roberto Soto 0-0: Foul Ball, location: 2F
0-1: Reached on error, E5 (Groundball, 15S)
Dave Smerdon to third
Batting: RHB Scott Ramsey 0-0: Foul Ball, location: 2F
0-1: Fly out, F7 (Flyball, 7M)
Runner from 3rd tags up, SCORES, no throw
Batting: RHB Vicente Cruz 0-0: Ball
1-0: Called Strike
Roberto Soto steals 3rd base
1-1: Ball
Steal of home, Roberto Soto is safe
2-1: Ball
3-1: Called Strike
3-2: SINGLE (Flyball, 9LS)
Batting: RHB Fernando Granados 0-0: Ball
1-0: Ball
2-0: Called Strike
2-1: Ball
3-1: Base on Balls
Vicente Cruz to second
Batting: SHB Pablo Coloa 0-0: Ball
1-0: Ball
2-0: Called Strike
2-1: Ball
3-1: Foul Ball, location: 2F
3-2: Base on Balls
Vicente Cruz to third
Fernando Granados to second
Batting: LHB Magali Lenidas 0-0: SINGLE (Groundball, 34)
Vicente Cruz scores
Fernando Granados to third
Pablo Coloa to second
Runner from 3rd tries for Home, SAFE, no throw or cutoff
Batting: RHB Adrian Rodgers 0-0: Swinging Strike
0-1: Ball
1-1: Foul Ball, location: 2F
1-2: Strikes out looking
Batting: LHB Jorge Greenbaum 0-0: Called Strike
0-1: SINGLE (Groundball, 34D)
Pablo Coloa to third
Magali Lenidas to second
Runner from 3rd tries for Home, SAFE, no throw or cutoff
Pitching: RHP Bryan McKinney
Batting: LHB Dave Smerdon 0-0: Ball
1-0: Called Strike
1-1: Foul Ball, location: 2F
1-2: Ball
2-2: Strikes out swinging
Top of the 2nd over - 5 run(s), 4 hit(s), 1 error(s), 2 left on base; Idaho Falls 7 - Alameda 1
BOTTOM OF THE 2ND
Alameda Airmen batting - Pitching for Idaho Falls Chukars : RHP Ben Hopley
Batting: RHB Juan García 0-0: Ball
1-0: Swinging Strike
1-1: Ball
2-1: Ball
3-1: Base on Balls
Batting: RHB Chad Shafer 0-0: Ball
1-0: Called Strike
1-1: Foul Ball, location: 2F
1-2: Strikes out swinging
Batting: RHB José Morín 0-0: Ball
Juan García steals 2nd base
1-0: Ground out 1-3 (Groundball, 15S)
Batting: RHB Dale Quick 0-0: Called Strike
0-1: Called Strike
0-2: Fly out, F7 (Flyball, 7M)
Bottom of the 2nd over - 0 run(s), 0 hit(s), 0 error(s), 1 left on base; Idaho Falls 7 - Alameda 1
TOP OF THE 3RD
Idaho Falls Chukars batting - Pitching for Alameda Airmen : RHP Bryan McKinney
Batting: LHB Roberto Soto 0-0: Foul Ball, location: 2F
0-1: Ball
1-1: Ball
2-1: Ball
3-1: Base on Balls
Batting: RHB Scott Ramsey 0-0: Called Strike
0-1: Ball
1-1: Ball
2-1: Foul Ball, location: 2F
2-2: Strikes out swinging
Batting: RHB Vicente Cruz 0-0: Ball
1-0: Called Strike
1-1: SINGLE (Line Drive, 8RS)
Roberto Soto to second
Batting: RHB Fernando Granados 0-0: Called Strike
0-1: Ball
1-1: Ball
2-1: Foul Ball, location: 2F
2-2: Fly out, F7 (Flyball, 8LM)
Batting: SHB Pablo Coloa 0-0: Called Strike
0-1: Foul Ball, location: 2F
0-2: Strikes out looking
Top of the 3rd over - 0 run(s), 1 hit(s), 0 error(s), 2 left on base; Idaho Falls 7 - Alameda 1
BOTTOM OF THE 3RD
Alameda Airmen batting - Pitching for Idaho Falls Chukars : RHP Ben Hopley
Batting: RHB Mariano Sánchez 0-0: Foul Ball, location: 2F
0-1: Fly out, F8 (Flyball, 78M)
Batting: SHB Orlando Villa 0-0: DOUBLE (Line Drive, 8LM)
Batting: RHB Ricardo Téllez 0-0: Ball
1-0: Ball
2-0: Ball
3-0: Fly out, F8 (Flyball, 8LM)
Batting: RHB José Vargas 0-0: Ball
1-0: Fly out, F6 (Popup, 4M)
Bottom of the 3rd over - 0 run(s), 1 hit(s), 0 error(s), 1 left on base; Idaho Falls 7 - Alameda 1
TOP OF THE 4TH
Idaho Falls Chukars batting - Pitching for Alameda Airmen : RHP Bryan McKinney
Batting: LHB Magali Lenidas 0-0: Called Strike
0-1: Ball
1-1: Foul Ball, location: 2F
1-2: Ball
2-2: Foul Ball, location: 2F
2-2: Strikes out looking
Batting: RHB Adrian Rodgers 0-0: Ball
1-0: Ball
2-0: Ball
3-0: Called Strike
3-1: Base on Balls
Batting: LHB Jorge Greenbaum 0-0: Ball
1-0: DOUBLE (Flyball, 8LXD)
Adrian Rodgers to third
Runner from 3rd tries for Home, SAFE, throw made home
Batting: LHB Dave Smerdon 0-0: Ball
1-0: Called Strike
1-1: SINGLE (Line Drive, 4MD)
Jorge Greenbaum to third
Batting: LHB Roberto Soto 0-0: Called Strike
Dave Smerdon steals 2nd base
0-1: Ball
1-1: Called Strike
1-2: Ball
2-2: Fly out, F9 (Flyball, 9M)
Runner from 3rd tags up, SCORES, throw made
Batting: RHB Scott Ramsey 0-0: Ball
1-0: Ball
2-0: Ball
3-0: Ground out 5-3 (Groundball, 5)
Top of the 4th over - 2 run(s), 2 hit(s), 0 error(s), 1 left on base; Idaho Falls 9 - Alameda 1
BOTTOM OF THE 4TH
Alameda Airmen batting - Pitching for Idaho Falls Chukars : RHP Ben Hopley
Batting: RHB Francisco Mejía 0-0: Called Strike
0-1: Ball
1-1: Swinging Strike
1-2: Strikes out looking
Batting: RHB Juan García 0-0: Called Strike
0-1: Ball
1-1: Foul Ball, location: 2F
1-2: Strikes out looking
Batting: RHB Chad Shafer 0-0: Ball
1-0: Ball
2-0: Ground out 4-3 (Groundball, 4M)
Bottom of the 4th over - 0 run(s), 0 hit(s), 0 error(s), 0 left on base; Idaho Falls 9 - Alameda 1
TOP OF THE 5TH
Idaho Falls Chukars batting - Pitching for Alameda Airmen : RHP Bryan McKinney
Batting: RHB Vicente Cruz 0-0: Called Strike
0-1: Ball
1-1: Fly out, F3 (Popup, 3F)
Batting: RHB Fernando Granados 0-0: Ball
1-0: Ball
2-0: Called Strike
2-1: Ball
3-1: Base on Balls
Batting: SHB Pablo Coloa 0-0: Ball
Fernando Granados is caught stealing 2nd base
1-0: Ball
2-0: Foul Ball, location: 2F
2-1: SINGLE (Groundball, 5D)
Batting: LHB Magali Lenidas 0-0: Ball
1-0: Called Strike
1-1: Ball
2-1: Ground out 4-3 (Groundball, 34)
Top of the 5th over - 0 run(s), 1 hit(s), 0 error(s), 1 left on base; Idaho Falls 9 - Alameda 1
BOTTOM OF THE 5TH
Alameda Airmen batting - Pitching for Idaho Falls Chukars : RHP Ben Hopley
Batting: RHB José Morín 0-0: Fly out, F8 (Flyball, 8LD)
Batting: RHB Dale Quick 0-0: Called Strike
0-1: Ball
1-1: Ball
2-1: Called Strike
2-2: Ball
3-2: Base on Balls
Batting: RHB Mariano Sánchez 0-0: Foul Ball, location: 2F
0-1: Ball
1-1: Called Strike
1-2: Ball
2-2: Fly out, F6 (Line Drive, 6)
Batting: SHB Orlando Villa 0-0: Called Strike
0-1: Ball
1-1: Foul Ball, location: 2F
1-2: Fly out, F7 (Line Drive, 7S)
Bottom of the 5th over - 0 run(s), 0 hit(s), 0 error(s), 1 left on base; Idaho Falls 9 - Alameda 1
TOP OF THE 6TH
Idaho Falls Chukars batting - Pitching for Alameda Airmen : RHP Bryan McKinney
Batting: RHB Adrian Rodgers 0-0: Ball
1-0: Swinging Strike
1-1: Ball
2-1: Fly out, F7 (Flyball, 7LMF)
Batting: LHB Jorge Greenbaum 0-0: Called Strike
0-1: Foul Ball, location: 2F
0-2: Strikes out swinging
Batting: LHB Dave Smerdon 0-0: Called Strike
0-1: Fly out, F7 (Flyball, 7M)
Top of the 6th over - 0 run(s), 0 hit(s), 0 error(s), 0 left on base; Idaho Falls 9 - Alameda 1
BOTTOM OF THE 6TH
Alameda Airmen batting - Pitching for Idaho Falls Chukars : RHP Ben Hopley
Batting: RHB Ricardo Téllez 0-0: Foul Ball, location: 2F
0-1: Ground out 4-3 (Groundball, 4)
Batting: RHB José Vargas 0-0: Foul Ball, location: 2F
0-1: Ball
1-1: Swinging Strike
1-2: Ground out U3 (Groundball, 3S)
Batting: RHB Francisco Mejía 0-0: Called Strike
0-1: Swinging Strike
0-2: Ball
1-2: Fly out, F4 (Popup, 4MD)
Bottom of the 6th over - 0 run(s), 0 hit(s), 0 error(s), 0 left on base; Idaho Falls 9 - Alameda 1
TOP OF THE 7TH
Idaho Falls Chukars batting - Pitching for Alameda Airmen : RHP Bryan McKinney
Batting: LHB Roberto Soto 0-0: Ball
1-0: Ball
2-0: Called Strike
2-1: Ground out 4-3 (Groundball, 34)
Batting: RHB Scott Ramsey 0-0: Called Strike
0-1: Foul Ball, location: 2F
0-2: Foul Ball, location: 2F
0-2: Ball
1-2: Foul Ball, location: 2F
1-2: Ball
2-2: Strikes out swinging
Batting: RHB Vicente Cruz 0-0: Ball
1-0: Foul Ball, location: 2F
1-1: Called Strike
1-2: Ball
2-2: Fly out, F8 (Flyball, 8LM)
Top of the 7th over - 0 run(s), 0 hit(s), 0 error(s), 0 left on base; Idaho Falls 9 - Alameda 1
BOTTOM OF THE 7TH
Alameda Airmen batting - Pitching for Idaho Falls Chukars : RHP Ben Hopley
Batting: RHB Juan García 0-0: Called Strike
0-1: Swinging Strike
0-2: Ball
1-2: Ball
2-2: Ground out 6-3 (Groundball, 6)
Batting: RHB Chad Shafer 0-0: Ball
1-0: DOUBLE (Line Drive, 7LM)
Batting: RHB José Morín 0-0: Called Strike
0-1: Fly out, F7 (Flyball, 78M)
Batting: RHB Dale Quick 0-0: Ball
1-0: Called Strike
1-1: Fly out, F2 (Popup, 2RF)
Bottom of the 7th over - 0 run(s), 1 hit(s), 0 error(s), 1 left on base; Idaho Falls 9 - Alameda 1
TOP OF THE 8TH
Idaho Falls Chukars batting - Pitching for Alameda Airmen : RHP Bryan McKinney
Batting: RHB Fernando Granados 0-0: Swinging Strike
0-1: Swinging Strike
0-2: Ball
1-2: Strikes out swinging
Batting: SHB Pablo Coloa 0-0: Called Strike
0-1: Reaches on Catchers interference
Batting: LHB Magali Lenidas 0-0: Called Strike
Pablo Coloa is caught stealing 2nd base
0-1: Ball
1-1: Ball
2-1: SINGLE (Groundball, 4MD)
Batting: RHB Adrian Rodgers 0-0: Ball
1-0: Ball
2-0: Foul Ball, location: 2F
2-1: Foul Ball, location: 2F
2-2: Ground out 2-3 (Groundball, 2L)
Top of the 8th over - 0 run(s), 1 hit(s), 1 error(s), 1 left on base; Idaho Falls 9 - Alameda 1
BOTTOM OF THE 8TH
Alameda Airmen batting - Pitching for Idaho Falls Chukars : RHP Ben Hopley
Now at SS: Armando Peña
Now in LF: Frank Sharp
Batting: RHB Mariano Sánchez 0-0: Ball
1-0: Foul Ball, location: 2F
1-1: Swinging Strike
1-2: Fly out, F8 (Flyball, 8RXD)
Batting: SHB Orlando Villa 0-0: Fly out, F9 (Flyball, 9LMF)
Batting: RHB Ricardo Téllez 0-0: Ball
1-0: TRIPLE (Line Drive, 8LM)
Batting: RHB José Vargas 0-0: Ball
1-0: Ball
2-0: Called Strike
2-1: Ball
3-1: Base on Balls
Batting: RHB Francisco Mejía 0-0: Called Strike
0-1: Called Strike
0-2: Foul Ball, location: 2F
0-2: Ball
1-2: Strikes out swinging
Bottom of the 8th over - 0 run(s), 1 hit(s), 0 error(s), 2 left on base; Idaho Falls 9 - Alameda 1
TOP OF THE 9TH
Idaho Falls Chukars batting - Pitching for Alameda Airmen : RHP Bryan McKinney
Pitching: LHP Jim Unknown
Batting: LHB Jorge Greenbaum 0-0: SINGLE (Line Drive, 89S)
Batting: LHB Dave Smerdon 0-0: Bunted foul
0-1: Sac Bunt - play at first, batter OUT! 6-4
Jorge Greenbaum to second
Batting: LHB Roberto Soto 0-0: Ball
1-0: Called Strike
1-1: Ball
2-1: Ground out 1-3 (Groundball, 13S)
Jorge Greenbaum to third
Batting: RHB Scott Ramsey 0-0: Called Strike
0-1: Ball
1-1: Called Strike
1-2: Ball
2-2: Strikes out swinging
Top of the 9th over - 0 run(s), 1 hit(s), 0 error(s), 1 left on base; Idaho Falls 9 - Alameda 1
BOTTOM OF THE 9TH
Alameda Airmen batting - Pitching for Idaho Falls Chukars : RHP Ben Hopley
Pitching: RHP Shotaro Sugahara
Now at 1B: Lee Faught
Now in RF: Dave Watts
Batting: RHB Juan García 0-0: Called Strike
0-1: Ball
1-1: SINGLE (Groundball, 6MD)
Batting: RHB Chad Shafer 0-0: Ball
1-0: Fly out, F3 (Popup, 3F)
Batting: RHB José Morín 0-0: Ball
1-0: Fly out, F3 (Popup, 3SF)
Batting: RHB Dale Quick 0-0: Swinging Strike
0-1: Ball
1-1: Ball
2-1: Foul Ball, location: 2F
2-2: Foul Ball, location: 2F
2-2: Strikes out looking
Bottom of the 9th over - 0 run(s), 1 hit(s), 0 error(s), 1 left on base; Idaho Falls 9 - Alameda 1
This league is powered by Out of the Park Baseball, the baseball management simulation game for PC, Mac and Linux
Friday, July 8th, 2016 - OOTP Baseball 16.9 Build 39